 Dungeon Crawl Stone Soup version 0.29-a0-337-g68df138881 (webtiles) character file.

Game seed: 14667740458643720336

3595 kevlar127 the Grappler (level 9, -6/93 HPs)
             Began as a Troll Berserker on Apr 16, 2022.
             Was a Priest of Trog.
             Mangled by a gnoll sergeant
             ... wielding a +0 trident
              (15 damage)
             ... on level 5 of the Dungeon on Apr 17, 2022.
             The game lasted 00:59:48 (7777 turns).

kevlar127 the Grappler (Troll Berserker)            Turns: 7777, Time: 00:59:49

Health: -6/93      AC:  0    Str: 31    XL:     9   Next: 85%
Magic:  8/8        EV: 21    Int:  3    God:    Trog [***...]
Gold:   430        SH:  0    Dex: 14    Spells: 8/8 levels left

rFire   . . .      SeeInvis .     - Unarmed
rCold   . . .      Faith    .   (shield currently unavailable)
rNeg    . . .      Spirit   .   (body armour currently unavailable)
rPois   .          Reflect  .   (helmet currently unavailable)
rElec   .          Harm     .   (cloak currently unavailable)
rCorr   .          Rampage  .   (gloves unavailable)
Will    ++...                   (boots unavailable)
Stlth   +.........              i - amulet of magic regeneration
HPRegen 2.05/turn               (ring currently unavailable)
MPRegen 0.51/turn               (ring currently unavailable)

@: lethally poisoned (-6 -> -7), about to teleport, bat-form, strong-willed,
flying, regenerating, very quick
A: fast, flying, no casting, tiny, unfitting armour, (claws 3), regeneration 1,
(shaggy fur 1), (tough skin 1)
a: Renounce Religion, Berserk, Trog's Hand


You were on level 5 of the Dungeon.
You worshipped Trog.
Trog was most pleased with you.
You were a bat.
You visited 1 branch of the dungeon, and saw 8 of its levels.
You also visited: Sewer and Ossuary.

You collected 430 gold pieces.

Inventory:

Hand Weapons
 a - a +3 dagger of chaos
 r - a +4 quarterstaff of chaos
Missiles
 h - 6 atropa-tipped darts
 l - 229 stones (quivered)
 A - a throwing net
 G - 2 poisoned darts
Armour
 s - a +0 cloak (melded)
 C - +1 acid dragon scales (melded)
 E - a scarf of shadows
Jewellery
 g - a ring of magical power (melded)
 i - an amulet of magic regeneration (around neck)
 F - a +4 ring of evasion (melded)
Wands
 B - a wand of flame (12)
 I - a wand of mindburst (8)
Scrolls
 b - 2 scrolls of identify {unknown}
 c - 2 scrolls of immolation {unknown}
 d - 3 scrolls of vulnerability
 f - a scroll of summoning {unknown}
 o - 3 scrolls of blinking {unknown}
 p - 3 scrolls of enchant armour
 q - 2 scrolls of fear
 t - 4 scrolls of amnesia {unknown}
 v - 2 scrolls of torment {unknown}
 w - 3 scrolls of teleportation
 y - a scroll of brand weapon {unknown}
 H - a scroll of enchant weapon {unknown}
Potions
 j - a potion of lignification
 k - 3 potions of haste
 m - a potion of curing
 u - a potion of invisibility {unknown}
 x - a potion of might {unknown}
 z - a potion of brilliance {unknown}
 D - a potion of resistance {unknown}


   Skills:
 * Level 7.6 Fighting
 + Level 4.6 Throwing
 + Level 5.0 Dodging
 * Level 9.1 Unarmed Combat


You had 8 spell levels left.
You didn't know any spells.
Your spell library contained the following spells:

 Spells                   Type           Power      Damage    Failure   Level
 Scorch                   Fire           0%         2d5       67%         2
 Gell's Gravitas          Tloc           0%         N/A       88%         3
 Lesser Beckoning         Tloc           0%         N/A       88%         3
 Teleport Other           Tloc           0%         N/A       88%         3
 Tukima's Dance           Hex            0%         N/A       88%         3
 Animate Armour           Summ/Erth      0%         N/A       99%         4
 Cause Fear               Hex            0%         N/A       99%         4
 Flame Wave               Conj/Fire      0%         2d4       99%         4
 Fulminant Prism          Conj/Hex       0%         3d6       99%         4
 Iskenderun's Mystic Bla  Conj/Tloc      0%         2d3       99%         4
 Petrify                  Tmut/Erth      0%         N/A       99%         4
 Fireball                 Conj/Fire      0%         3d3       100%        5
 Iskenderun's Battlesphe  Conj           0%         2d6       100%        5
 Lee's Rapid Deconstruct  Erth           0%         3d5*      100%        5
 Conjure Ball Lightning   Conj/Air       0%         3x3d6     100%        6
 Summon Cactus Giant      Summ           0%         N/A       100%        6
 Orb of Destruction       Conj           0%         9d5       100%        7


Dungeon Overview and Level Annotations

Branches:
Dungeon (8/15)             Temple (0/1) D:4           Sewer (visited)
Ossuary (visited)
   Lair: D:8-11

Altars:
Makhleb
Vehumet

Annotations:
D:5 1 transporter, Psyclone's ghost, novice OpIE


Innate Abilities, Weirdness & Mutations

You are a bat.
You are tiny and dextrous.
You move quickly.
You are flying.
Your equipment is almost entirely melded.
You are incapable of wielding weapons or throwing items.
You cannot cast spells.
You are too large for most types of armour.
((You have claws for hands.))
Your natural rate of healing is unusually fast.
((You are covered in fur. (AC +1)))
((You have tough skin. (AC +1)))


Message History

The gnoll sergeant is moderately wounded.
You hear a shout!
The gnoll sergeant completely misses you.
The gnoll hits you from afar with a +1 spear of pain.
You writhe in agony.
The gnoll hits you from afar with a +0 spear of venom.
You are poisoned.
You hit the gnoll sergeant.
The gnoll sergeant is moderately wounded.
You feel very sick.
The gnoll sergeant hits you with a +2 trident of pain!
The gnoll hits you from afar with a +1 spear of pain.
The gnoll misses you.
You barely miss the gnoll sergeant.
The gnoll sergeant is moderately wounded.
You feel sick. The gnoll sergeant barely misses you.
The gnoll sergeant hits you from afar with a +0 trident!
Psyclone's ghost says, "I have seen your future, and it is all used up."
The gnoll misses you.
The gnoll shaman calls upon its god to speed up the gnoll sergeant.
The gnoll sergeant seems to speed up.
The gnoll closely misses you.
You feel sick.
There is a transporter landing site, spattered with blood here.
You can't go up here!
You hit the gnoll sergeant.
The gnoll sergeant is lightly wounded.
You feel sick. The gnoll sergeant closely misses you.
The gnoll sergeant barely misses you.
You barely miss the gnoll shaman.
You feel sick.
The gnoll sergeant hits you with a +0 trident!
* * * LOW HITPOINT WARNING * * *
The gnoll shaman hits you with a +0 club!
* * * LOW HITPOINT WARNING * * *
The gnoll sergeant completely misses you.
As you read the scroll of teleportation, it crumbles to dust.
You feel strangely unstable.
You feel sick. The gnoll shaman completely misses you.
The gnoll sergeant misses you.
You feel sick. The gnoll sergeant misses you.
The gnoll sergeant hits you from afar with a +0 trident!
You die...

..≈≈≈≈≈≈≈≈≈≈≈...≈≈≈≈≈≈≈≈≈≈≈..#
..≈≈≈≈≈≈≈≈≈≈≈...≈≈≈≈≈≈≈≈≈≈≈..#
..≈≈#####...........#####≈≈..#
..≈≈#.8.#.###.©.###.#.8.#≈≈..#
..≈≈#...###g#####.###...#≈≈..#
..≈≈### ....ggWg .. ..###≈≈..#
..≈≈.8#.######g######.#8.≈≈..#
#.≈≈.##.#. #8g.#.⌠.#.##.≈≈..#
..≈≈.#..+ #⌠©.b...'..#.≈≈..#
..≈≈.## #8g.#.⌠.#.##.≈≈..#
..≈≈.8#.######'######.#8.≈≈..#
..≈≈###...............###≈≈..#
..≈≈#gg.###©#####.###...#≈≈..#
..≈≈#.8.#.###.©.###.#g8.#≈≈.##
..≈≈#####...........#####≈≈.#
..≈≈≈≈≈≈≈≈≈≈≈≈≈≈≈≈≈≈≈≈≈≈≈≈≈.#
..≈≈≈≈≈≈≈≈≈≈≈≈≈≈≈≈≈≈≈≈≈≈≈≈≈.#


You could see 3 gnoll sergeants, a gnoll shaman, Psyclone's ghost and 2 gnolls.

Vanquished Creatures
  Maggie (D:8)
  Psyche (D:8)
  Prince Ribbit (D:5)
  Edmund (D:5)
  Menkaure (D:5)
  3 orc warriors (D:8)
  A phantom (D:5)
  2 centaurs (D:7)
  A kobold brigand (D:7)
  3 bullfrogs
  A necrophage (D:5)
  3 scorpions
  10 wights
  A howler monkey (D:8)
  2 jellies
  4 hounds
  Crazy Yiuf (D:3)
  6 orc priests
  3 iron imps (D:4)
  Terence (D:3)
  2 iguanas
  Natasha (twice) (D:3)
  8 orc wizards
  3 mummies (Ossuary)
  11 adders
  A gnoll (D:5)
  3 river rats (Sewer)
  A white imp (D:8)
  21 orcs
  14 ball pythons
  6 endoplasms
  8 giant cockroaches
  6 goblins
  6 hobgoblins
  4 jackals (D:3)
  4 quokkas
  4 bats
  3 frilled lizards (Sewer)
  2 goblin zombies (Ossuary)
  14 kobolds
  26 rats
  4 rat zombies (Ossuary)
200 creatures vanquished.

Vanquished Creatures (others)
  6 plants (D:5)
6 creatures vanquished.

Grand Total: 206 creatures vanquished

Notes
Turn   | Place    | Note
-------+----------+-------------------------------------------
     0 | D:1      | kevlar127 the Troll Berserker began the quest for the Orb.
     0 | D:1      | Reached XP level 1. HP: 22/22 MP: 0/0
  1019 | D:2      | Got the Grimoire of the Dusty Oath
  1070 | D:2      | Reached XP level 2. HP: 29/29 MP: 1/1
  1184 | D:2      | Reached XP level 3. HP: 24/37 MP: 2/2
  1988 | D:3      | Reached skill level 4 in Unarmed Combat
  1992 | D:3      | Reached XP level 4. HP: 45/45 MP: 3/3
  2192 | D:3      | Reached ** piety under Trog
  2223 | D:3      | Noticed Natasha
  2225 | D:3      | Found a faded altar of an unknown god.
  2230 | D:3      | Killed Natasha
  2264 | D:3      | Reached XP level 5. HP: 52/54 MP: 4/4
  2482 | D:3      | Found a runed translucent door.
  2483 | D:3      | Noticed Crazy Yiuf
  2564 | D:3      | Noticed Natasha
  2570 | D:3      | Killed Natasha
  2620 | D:3      | Noticed Terence
  2632 | D:3      | Killed Terence
  2634 | D:3      | Reached skill level 5 in Unarmed Combat
  2979 | D:3      | Killed Crazy Yiuf
  2980 | D:3      | Reached XP level 6. HP: 62/62 MP: 5/5
  3209 | D:4      | Found a staircase to the Ecumenical Temple.
  3255 | D:4      | Found a glowing drain.
  3271 | Sewer    | Entered a sewer
  3445 | Sewer    | Reached *** piety under Trog
  3461 | Sewer    | Reached skill level 1 in Throwing
  3521 | Sewer    | Reached XP level 7. HP: 46/71 MP: 6/6
  4033 | D:4      | Found a burning altar of Makhleb.
  4084 | D:4      | Reached skill level 5 in Fighting
  4084 | D:4      | Reached skill level 6 in Unarmed Combat
  4479 | D:5      | Entered Level 5 of the Dungeon
  4479 | D:5      | Found a radiant altar of Vehumet.
  4499 | D:5      | You fall into a shaft and drop 3 floors!
  4499 | D:8      | Noticed Maggie
  4512 | D:8      | Killed Maggie
  4513 | D:8      | Reached XP level 8. HP: 81/81 MP: 7/7
  4732 | D:8      | Reached skill level 7 in Unarmed Combat
  4741 | D:8      | Found a sand-covered staircase.
  4753 | Ossuary  | Entered an ossuary
  6229 | D:8      | Noticed Psyche
  6239 | D:8      | Killed Psyche
  6759 | D:8      | Reached XP level 9. HP: 88/88 MP: 8/8
  6857 | D:7      | Reached skill level 8 in Unarmed Combat
  6885 | D:7      | Reached **** piety under Trog
  7338 | D:5      | Found a transporter.
  7367 | D:5      | Noticed Menkaure
  7372 | D:5      | Killed Menkaure
  7373 | D:5      | Noticed Edmund
  7387 | D:5      | Killed Edmund
  7412 | D:5      | Noticed Prince Ribbit
  7422 | D:5      | Killed Prince Ribbit
  7423 | D:5      | Reached skill level 9 in Unarmed Combat
  7545 | D:5      | Found a transporter.
  7610 | D:5      | Reached skill level 5 in Dodging
  7746 | D:5      | Noticed Psyclone's ghost (novice OpIE)
  7751 | D:5      | Identified the ring of Neitt {+Blink Will+ Str-3 Dex+7
                  | SInv}
  7777 | D:5      | Mangled by a gnoll sergeant

Illustrated notes

Levels and vault maps discovered:
D:1:      dpeg_arrival_simpleton_b, layout_basic, dk_noncrumbling_2
D:2:      layout_basic
D:3:      layout_loops_corners, shapermc_ecumenical_altar_starsandcircs,
          uniq_terence, uniq_natasha, uniq_crazy_yiuf_cottage
D:4:      layout_rooms, demons_altar, minmay_temple_entry_grid,
          gup_sewer_entry_pipe, hangedman_glass_teeth, grunt_ministairs_1,
          dk_rats_in_the_wall
D:5:      layout_rooms, vehumet_altar_wand_db, gammafunk_ghost_gnarly_gnolls,
          mrwooster_statue_mirror, minmay_strange_pillars, uniq_menkaure,
          uniq_edmund, uniq_prince_ribbit1
D:6:      layout_rooms, grunt_decor_resistance
D:7:      layout_cave_pods, serial_shops, nicolae_shop_window_shopping,
          ebering_ghost_rock_garden
D:8:      layout_layer_cave, nicolae_ossuary_entry_monument, uniq_psyche,
          uniq_maggie

Skill      XL: |  1  2  3  4  5  6  7  8  9 |
---------------+----------------------------+-----
Fighting       | 3 4 5 6 7 |  7.6
Unarmed Combat | 4 5 6 7 9 |  9.1
Throwing       | 1 2 3 4 |  4.6
Dodging        | 3 4 5 |  5.0

Action                   |  1- 3 |  4- 6 |  7- 9 || total
-------------------------+-------+-------+-------++-------
Melee: Unarmed           |    56 |   200 |   251 ||   507
       Punch             |       |     6 |     7 ||    13
Throw: Stone             |       |       |    70 ||    70
       Dart              |       |       |     5 ||     5
Invok: Berserk           |     1 |     1 |     4 ||     6
       Trog's Hand       |       |     3 |    12 ||    15
  Use: Scroll            |       |       |     5 ||     5
       Potion            |       |       |     4 ||     4
 Stab: Sleeping          |     1 |       |       ||     1
Armor: Animal skin       |    14 |    70 |    21 ||   105
       Acid dragon scale |       |       |    67 ||    67
       Skin              |       |       |    36 ||    36
Dodge: Dodged            |    21 |   106 |   159 ||   286

Table legend: (Time is in decaauts)
 A = Elapsed time spent in this place.
 B = Non-inter-level travel time spent in this place.
 C = Inter-level travel time spent in this place.
 D = Time resting spent in this place.
 E = Time spent auto-exploring this place.
 F = Levels seen in this place.
 G = Mean time per level.
                   A        B        C        D        E       F      G
               +--------+--------+--------+--------+--------+-----+--------+
         Total |   7820 |   7499 |    321 |   2370 |   3731 |  10 |  782.0 |
       Dungeon |   6040 |   5719 |    321 |   1033 |   3567 |   8 |  755.0 |
         Sewer |    432 |    432 |      0 |    126 |    147 |   1 |  432.0 |
       Ossuary |   1348 |   1348 |      0 |   1211 |     17 |   1 | 1348.0 |
               +--------+--------+--------+--------+--------+-----+--------+

Top non-repeatable levels by time:
 Ossuary: 1348 daAuts
     D:3: 1335 daAuts
     D:8: 1026 daAuts
     D:1: 1007 daAuts
     D:4: 889 daAuts
     D:2: 852 daAuts
     D:5: 572 daAuts
   Sewer: 432 daAuts
     D:7: 311 daAuts
     D:6: 44 daAuts
